General information
- name: BNet
- type: Ladder 1vs1/FFA
- host: Battle.net
- saver: GoblinFingerer
map: TidewaterGlades
- players: 2
- length: 25:54
- speed: Fast
- version: 1.26 W3XP
- replay type: Public
» download(81 KB)
Players
team 1 (winner)
GoblinFingerer (
yellow | 72 APM | 1860 actions | 25:54)
6 Blademaster
2 Wind Walk
3 Critical Strike
1 Bladestorm
» actions
| Assign group hotkey | 44 | |
| Basic commands | 72 | |
| Build / train | 79 | |
| Enter build submenu | 32 | |
| Enter hero's abilities submenu | 6 | |
| Give item / drop item | 3 | |
| Right click | 888 | |
| Select / deselect | 366 | |
| Select group hotkey | 246 | |
| Use ability | 124 | |
1860 total
» units
| Peon | 16 | |
| Wind Rider | 6 | |
| Troll Batrider | 11 | |
| Troll Witch Doctor | 2 | |
35 total
» upgrades
| Ranged Weapons | 3 | |
| Witch Doctor Training | 2 | |
| Reinforced Defenses | 1 | |
| Armor | 3 | |
| Spirit Walker Training | 1 | |
| Liquid Fire | 1 | |
11 total
» buildings
| Altar of Storms | 1 | |
| Orc Burrow | 6 | |
| Voodoo Lounge | 2 | |
| War Mill | 1 | |
| Stronghold | 2 | |
| Watch Tower | 12 | |
| Beastiary | 3 | |
| Great Hall | 1 | |
| Fortress | 1 | |
| Spirit Lodge | 1 | |
30 total
» build order
00:05 Altar of Storms
00:19 Orc Burrow
00:44 Voodoo Lounge
01:19 War Mill
01:46 Orc Burrow
03:10 Stronghold
03:57 Watch Tower
03:58 Watch Tower
04:22 Watch Tower
04:23 Watch Tower
04:36 Orc Burrow
05:18 Watch Tower
05:42 Watch Tower
05:43 Watch Tower
05:43 Watch Tower
05:46 Beastiary
06:03 Beastiary
06:13 Watch Tower
06:36 Watch Tower
07:17 Great Hall
07:40 Orc Burrow
08:57 Voodoo Lounge
10:21 Watch Tower
11:46 Fortress
12:04 Watch Tower
13:51 Spirit Lodge
18:28 Orc Burrow
18:28 Orc Burrow
18:32 Beastiary
» items
| Lesser Clarity Potion | 8 | |
| Healing Salve | 3 | |
| Boots of Speed | 1 | |
| Potion of Healing | 3 | |
| Scroll of Speed | 1 | |
| Orb of Lightning | 1 | |
| Periapt of Vitality | 1 | |
| Dust of Appearance | 1 | |
| Potion of Mana | 3 | |
| Tiny Great Hall | 1 | |
23 total
team 2 (loser)
143165642342348 (
green | 76 APM | 1926 actions | 25:28)
3 Blood Mage
2 Flame Strike
1 Siphon Mana
4 Archmage
1 Blizzard
2 Brilliance Aura
1 Summon Water Elemental
» actions
| Assign group hotkey | 21 | |
| Basic commands | 64 | |
| Build / train | 80 | |
| ESC pressed | 1 | |
| Enter build submenu | 27 | |
| Enter hero's abilities submenu | 7 | |
| Remove unit from queue | 3 | |
| Right click | 803 | |
| Select / deselect | 332 | |
| Select group hotkey | 488 | |
| Use ability | 100 | |
1926 total
» units
| Peasant | 24 | |
| Priest | 2 | |
| Sorceress | 7 | |
| Flying Machine | 15 | |
| Furbolg Shaman | 2 | |
| Thunder Lizard | 3 | |
53 total
» upgrades
| Armor | 1 | |
| Gunpowder | 1 | |
| Lumber Harvesting | 1 | |
| Sorceress Training | 1 | |
4 total
» buildings
| Altar of Kings | 1 | |
| Farm | 10 | |
| Scout Tower | 12 | |
| Lumber Mill | 1 | |
| Arcane Tower | 2 | |
| Guard Tower | 3 | |
| Keep | 2 | |
| Blacksmith | 1 | |
| Arcane Sanctum | 3 | |
| Arcane Vault | 1 | |
| Workshop | 1 | |
| Town Hall | 1 | |
38 total
» build order
00:38 Altar of Kings
00:54 Farm
01:10 Farm
01:14 Scout Tower
01:29 Lumber Mill
01:51 Farm
01:56 Farm
02:08 Scout Tower
02:10 Arcane Tower
02:17 Scout Tower
02:20 Scout Tower
02:40 Guard Tower
02:55 Guard Tower
03:05 Guard Tower
03:45 Farm
04:22 Keep
04:22 Keep
04:53 Blacksmith
05:20 Farm
05:23 Farm
06:49 Arcane Sanctum
06:52 Arcane Sanctum
06:56 Arcane Sanctum
07:41 Scout Tower
09:07 Arcane Tower
09:32 Farm
09:33 Farm
09:34 Farm
10:31 Arcane Vault
12:14 Workshop
20:22 Scout Tower
20:22 Scout Tower
20:22 Scout Tower
20:22 Scout Tower
20:23 Scout Tower
20:23 Scout Tower
20:23 Scout Tower
22:46 Town Hall
» items
| Boots of Speed | 1 | |
| Staff of Teleportation | 1 | |
2 total
Chat log
(25:27 / All) GoblinFingerer: LOL